 Dungeon Crawl Stone Soup version 0.29-a0-90-gc37658a0fe (webtiles) character file.

Game seed: 8468023502190058210

7 cyrus the Shield-Bearer (level 2, -1/19 HPs)
             Began as a Gargoyle Fighter on Feb 7, 2022.
             Was a Follower of Nemelex Xobeh.
             Slain by a quokka (2 damage)
             ... on level 1 of the Dungeon.
             The game lasted 00:00:43 (220 turns).

cyrus the Shield-Bearer (Gargoyle Fighter)           Turns: 220, Time: 00:00:44

Health: -1/19      AC:  9    Str: 19    XL:     2   Next: 4%
Magic:  2/2        EV:  9    Int:  8    God:    Nemelex Xobeh [*.....]
Gold:   0          SH:  4    Dex:  9    Spells: 1/1 levels left

rFire   . . .      SeeInvis .   a - +0 long sword
rCold   . . .      Faith    .   c - +0 buckler
rNeg    + . .      Spirit   .   b - +0 scale mail
rPois   ∞          Reflect  .   (no helmet)
rElec   +          Harm     .   (no cloak)
rCorr   .          Rampage  .   (no gloves)
Will    .....                   (no boots)
Stlth   ..........              (no amulet)
HPRegen 0.06/turn               (no ring)
MPRegen 0.08/turn               (no ring)

@: mighty
A: sickness immunity, AC +2, negative energy resistance 1, electricity
resistance, torment resistance 1, petrification resistance
a: Renounce Religion, Draw Escape, Draw Destruction, Draw Summoning


You were on level 1 of the Dungeon.
You worshipped Nemelex Xobeh.
Nemelex Xobeh was aware of your devotion.
You visited 1 branch of the dungeon, and saw 1 of its levels.

Inventory:

Hand Weapons
 a - a +0 long sword (weapon)
Armour
 b - a +0 scale mail (worn)
 c - a +0 buckler (worn)
Jewellery
 f - a ring of see invisible
Scrolls
 e - a scroll of teleportation {unknown}


   Skills:
 + Level 3.4 Fighting
 + Level 1.8 Long Blades
 + Level 3.4 Armour
 + Level 3.6 Shields


You had one spell level left.
You didn't know any spells.
Your spell library was empty.

Dungeon Overview and Level Annotations

Branches:
Dungeon (1/15)

Altars:
Nemelex Xobeh


Innate Abilities, Weirdness & Mutations

You are immune to sickness and miasma.
Your stone body is resilient. (AC +2)
You are immune to poison.
You resist negative energy. (rN+)
You are resistant to electric shocks. (rElec)
You are resistant to unholy torment.
You are immune to petrification.


Message History

The quokka bites you.
The ball python bites you but does no damage.
The ball python constricts you.
The ball python bites you but does no damage. x2
You feel very mighty all of a sudden. The quokka bites you.
* * * LOW HITPOINT WARNING * * *
The ball python barely misses you. The ball python constricts you.
The ball python bites you but does no damage.
The ball python bites you.
* * * LOW HITPOINT WARNING * * *
You escape the ball python's grasp.
The quokka bites you but does no damage. x2
You barely miss the ball python. The quokka barely misses you.
The ball python bites you but does no damage.
The ball python barely misses you.
You slash the ball python!
You kill the ball python!
The quokka closely misses you.
The ball python bites you but does no damage.
The ball python closely misses you. You block the quokka's attack.
You slash the ball python!
You kill the ball python!
The ball python closely misses you. You block the ball python's attack.
The quokka bites you but does no damage.
You block the ball python's attack. x2
You block the quokka's attack. You block the ball python's attack.
The ball python barely misses you. The quokka closely misses you.
Things that are here:
2 inky potions; a ball python corpse The quokka bites you but does no damage.
You slash the ball python!
You kill the ball python!
The quokka completely misses you.
You have reached level 2!
The quokka bites you.
* * * LOW HITPOINT WARNING * * *
The quokka bites you.
You die...
Your body disappears without a glow.

######### #........
#........ #........
####### #........
#.....###########...^....
................r..$.....
................@........
#..........######....$.##
...........# #......#
.++........# #......#
.##........# #......#
...........# #......#
.#.##+####..# #......#
.#.# ##.## #....... .#.#
..#


You could see a quokka.

Vanquished Creatures
  2 endoplasms (D:1)
  A goblin (D:1)
  3 ball pythons (D:1)
6 creatures vanquished.

Notes
Turn   | Place    | Note
-------+----------+-------------------------------------------
     0 | D:1      | cyrus the Gargoyle Fighter began the quest for the Orb.
     0 | D:1      | Reached XP level 1. HP: 14/14 MP: 1/1
    74 | D:1      | Found a faded altar of an unknown god.
    94 | D:1      | Prayed at the altar of an unknown god.
    94 | D:1      | Became a worshipper of Nemelex Xobeh the Trickster
    94 | D:1      | Reached * piety under Nemelex Xobeh
   220 | D:1      | Reached XP level 2. HP: 2/19 MP: 2/2
   220 | D:1      | Slain by a quokka

Illustrated notes

Levels and vault maps discovered:
D:1:      dpeg_arrival_long_road, layout_basic, basic_ecumenical_altar,
          minmay_tripent

Action                   || total
-------------------------++-------
Melee: Long sword        ||    17
  Use: Potion            ||     1
Armor: Scale mail        ||    20
Dodge: Dodged            ||    16
Block: Buckler           ||     6

Table legend: (Time is in decaauts)
 A = Elapsed time spent in this place.
 B = Non-inter-level travel time spent in this place.
 C = Inter-level travel time spent in this place.
 D = Time resting spent in this place.
 E = Time spent auto-exploring this place.
 F = Levels seen in this place.
 G = Mean time per level.
                   A        B        C        D        E       F      G
               +--------+--------+--------+--------+--------+-----+--------+
         Total |    226 |    226 |      0 |      0 |    161 |   1 |  226.0 |
       Dungeon |    226 |    226 |      0 |      0 |    161 |   1 |  226.0 |
               +--------+--------+--------+--------+--------+-----+--------+

Top non-repeatable levels by time:
     D:1: 226 daAuts
